 Dungeon Crawl Stone Soup version 0.21.1-1-g345015f (webtiles) character file.

9270 suicidejoker the Quickloader (level 11, 0/151 HPs)
             Began as a Minotaur Hunter on Mar 19, 2018.
             Was a High Priest of Cheibriados.
             Slain by Snorg (15 damage)
             ... on level 10 of the Dungeon.
             The game lasted 00:36:02 (10582 turns).

suicidejoker the Quickloader (Minotaur Hunter)     Turns: 10582, Time: 00:36:03

Health: 0/151      AC: 25    Str: 28    XL:     11   Next: 20%
Magic:  4/11       EV:  2    Int: 23    God:    Cheibriados [*****.]
Gold:   569        SH: 16    Dex: 25    Spells: 10/10 levels left

rFire    . . .     SeeInvis .   (no weapon)
rCold    . . .     Gourm    .   q - +2 large shield
rNeg     + + +     Faith    .   (armour currently unavailable)
rPois    +         Spirit   .   (helmet currently unavailable)
rElec    .         Reflect  .   (cloak currently unavailable)
rCorr    .         Harm     .   (gloves currently unavailable)
MR       .....     NoTele   +   (boots currently unavailable)
Stlth    +++.......             (no amulet)
HPRegen  0.35/turn              T - ring of stealth
MPRegen  0.12/turn              D - +4 ring of intelligence

@: tree-form, very slow
A: (retaliatory headbutt), mutation resistance 1, MP-powered wands
a: Bend Time, Temporal Distortion, Slouch, Step From Time, Renounce Religion


You were on level 10 of the Dungeon.
You worshipped Cheibriados.
Cheibriados was extremely pleased with you.
You were not hungry.
You were a tree.
You visited 2 branches of the dungeon, and saw 11 of its levels.
You also visited: Sewer.

You collected 569 gold pieces.

Inventory:

Hand Weapons
 a - a +1 hand crossbow
 b - a +2 dagger of protection
 n - a +0 shortbow
 F - a cursed -1 dagger
 R - a +1 vampiric war axe
Missiles
 c - 10 tomahawks (quivered)
 j - 183 arrows
 k - 22 bolts
 w - 6 throwing nets
 S - 18 poisoned needles
Armour
 e - a +2 pair of gloves (melded)
 q - a +2 large shield (worn)
 B - a +0 plate armour (melded)
Magical Staves
 p - an uncursed staff of conjuration {unknown}
 s - an uncursed staff of fire {unknown}
Jewellery
 d - an uncursed ring of ice
 D - a +4 ring of intelligence (right branch)
 J - an uncursed ring of teleportation
 T - a ring of stealth (left branch)
 X - the ring "Bohi" {rPois rN+ Str+3, unknown}
   (You found it on level 9 of the Dungeon)

   [ring of positive energy]

   It affects your strength (+3).
   It protects you from poison.
   It protects you from negative energy.
Wands
 h - a wand of acid (7)
 o - a wand of iceblast (5)
 r - a wand of disintegration (9)
 O - a wand of polymorph (7)
 Q - a wand of paralysis (12)
Scrolls
 g - 2 scrolls of remove curse
 i - 3 scrolls of teleportation
 l - 3 scrolls of blinking {unknown}
 m - 2 scrolls of enchant armour
 u - 2 scrolls of immolation
 v - 5 scrolls of identify
 y - a scroll of noise {unknown}
 z - a scroll of enchant weapon {unknown}
 A - 2 scrolls of amnesia
 U - a scroll of fog {unknown}
 W - a scroll of random uselessness {unknown}
Potions
 x - 4 potions of curing
 C - a potion of cancellation
 G - 5 potions of flight
 H - a potion of agility
 K - a potion of brilliance {unknown}
 L - a potion of ambrosia {unknown}
 M - a potion of might
 N - a potion of lignification
 P - a potion of resistance {unknown}
Books
 I - the Reference Book on Toxic Transformation
   (You found it on level 8 of the Dungeon)

   Spells                             Type                      Level
   a - Ignite Poison                  Fire/Transmutation/Poison    3
   b - Spider Form                    Transmutation/Poison         3
   c - Yara's Violent Unravelling     Hexes/Transmutation          5
 V - a book of Necromancy

   Spells                             Type                      Level
   a - Pain                           Necromancy                   1
   b - Animate Skeleton               Necromancy                   1
   c - Vampiric Draining              Necromancy                   3
   d - Regeneration                   Charms/Necromancy            3
   e - Animate Dead                   Necromancy                   4
   f - Borgnjor's Vile Clutch         Necromancy/Earth             5
Comestibles
 f - 20 rations


   Skills:
 + Level 10.6 Fighting
 * Level 13.6 Crossbows
 + Level 9.8 Dodging
 - Level 0.7 Stealth
 * Level 2.4 Invocations


You had 10 spell levels left.
You didn't know any spells.

Dungeon Overview and Level Annotations

Branches:
Dungeon (10/15)            Temple (1/1) D:4             Orc (0/2) D:9
   Lair: D:8-11

Altars:
Ashenzari
Cheibriados
Dithmenos
Elyvilon
Fedhas
Gozag
Hepliaklqana
Kikubaaqudgha
Makhleb
Nemelex Xobeh
Okawaru
Qazlal
Ru
Sif Muna
Trog
Uskayaw
Vehumet
Wu Jian
Xom
Yredelemnul
Zin
The Shining One

Annotations:
D:10 Snorg


Innate Abilities, Weirdness & Mutations

((You reflexively headbutt those who attack you in melee.))
((You have a pair of horns on your head.))
You are somewhat resistant to further mutation.
You expend magic power (3 MP) to strengthen your wands.


Message History

Snorg claws you!
* * * LOW HITPOINT WARNING * * *
You block Snorg's attack.
Okay, then.
You turn into a tree.
Your +2 pair of gloves melds into your body.
Your +0 plate armour melds into your body.
Your roots penetrate the ground.
You block Snorg's attack. x3
Snorg bites you but does no damage. You block Snorg's attack. x2
You feel better. Snorg bites you but does no damage. Snorg claws you!
* * * LOW HITPOINT WARNING * * *
You block Snorg's attack.
Wield which item (- for none, * to show all)? (? for menu, Esc to quit)
Your +2 dagger of protection goes still.
You are now empty-handed.
Snorg bites you!
* * * LOW HITPOINT WARNING * * *
Snorg claws you but does no damage. Snorg claws you.
* * * LOW HITPOINT WARNING * * *
You feel better. Snorg bites you!
You die...

.(# (.# #(#
#)# #(#
#(### #T..#
#♣..# #...#
#...# #...#
#.#####...#
#.........#
#.........#
#.........#
#.........#


You could see Snorg (berserk).

Vanquished Creatures
  Erolcha (D:9)
  The ghost of yevrey the Thaumaturge, a novice DEWz of Sif Muna (D:6)
  A centaur skeleton (D:9)
  A troll (D:9)
  Grinder (D:4)
  2 hippogriffs
  A human (D:7)
  6 yaks (D:9)
  4 hogs (D:7)
  2 water moccasins
  3 ice beasts
  8 orc warriors
  4 sky beasts
  A necrophage (D:8)
  9 ogres
  3 centaurs
  4 bullfrogs
  5 gnoll sergeants
  4 scorpions
  2 wights (D:7)
  2 howler monkeys
  5 crimson imps
  The ghost of DerpyAI the Ducker, a weakling FeBe of Trog (D:3)
  6 hounds
  A jelly (D:7)
  A gnoll shaman (D:9)
  3 orc priests
  20 orc wizards
  2 iguanas
  Natasha (thrice) (D:2)
  7 worker ants
  A killer bee zombie (D:8)
  A hound zombie (D:7)
  A worker ant zombie (D:7)
  A howler monkey skeleton (D:8)
  25 gnolls
  15 adders
  3 shadow imps
  3 oozes
  2 adder zombies
  2 adder skeletons
  6 worms
  A dart slug (D:4)
  17 leopard geckos
  39 orcs
  8 bats
  15 giant cockroaches
  7 goblins
  9 hobgoblins
  25 jackals
  8 quokkas
  2 ball pythons
  15 frilled lizards
  9 kobolds
  A leopard gecko skeleton (D:7)
  8 rats
338 creatures vanquished.

Notes
Turn   | Place    | Note
-------+----------+-------------------------------------------
     0 | D:1      | suicidejoker the Minotaur Hunter began the quest for the Orb.
     0 | D:1      | Reached XP level 1. HP: 18/18 MP: 0/0
   107 | D:1      | Reached XP level 2. HP: 25/25 MP: 1/1
   341 | D:1      | Reached skill level 5 in Crossbows
   355 | D:1      | Reached XP level 3. HP: 30/30 MP: 2/2
   895 | D:2      | Noticed Natasha
   897 | D:2      | Killed Natasha
   897 | D:2      | Reached XP level 4. HP: 38/38 MP: 3/3
   901 | D:2      | Noticed Natasha
   918 | D:2      | Killed Natasha
  1234 | D:1      | Reached XP level 5. HP: 18/46 MP: 4/4
  1649 | D:2      | Reached skill level 6 in Crossbows
  1905 | D:2      | Noticed Natasha
  1919 | D:2      | Killed Natasha
  2240 | D:2      | Found a bloodstained altar of Trog.
  2274 | D:2      | Reached XP level 6. HP: 52/52 MP: 5/5
  2636 | D:3      | Found an opulent altar of Gozag.
  2649 | D:3      | Noticed DerpyAI's ghost (weakling FeBe)
  2673 | D:3      | Killed DerpyAI's ghost
  2809 | D:3      | Found a blossoming altar of Fedhas.
  2870 | D:3      | Reached skill level 7 in Crossbows
  3042 | D:3      | Noticed an orc warrior
  3083 | D:3      | Killed an orc warrior
  3083 | D:3      | Reached skill level 5 in Fighting
  3083 | D:3      | Reached XP level 7. HP: 20/61 MP: 6/6
  3790 | D:4      | Found a glowing drain.
  3809 | Sewer    | Entered a sewer
  4040 | Sewer    | Reached skill level 8 in Crossbows
  4040 | Sewer    | Reached skill level 5 in Dodging
  4386 | D:4      | Found a basalt altar of Yredelemnul.
  4457 | D:4      | Noticed Grinder
  4480 | D:4      | Killed Grinder
  4480 | D:4      | Reached XP level 8. HP: 70/70 MP: 7/7
  4600 | D:4      | Reached skill level 9 in Crossbows
  5175 | D:4      | Found an ornate altar of the Wu Jian Council.
  5176 | D:4      | Found a radiant altar of Vehumet.
  5593 | D:4      | Found a staircase to the Ecumenical Temple.
  5597 | Temple   | Entered the Ecumenical Temple
  5648 | Temple   | Became a worshipper of Cheibriados the Contemplative
  5760 | D:5      | Entered Level 5 of the Dungeon
  5833 | D:5      | Found a sparkling altar of Nemelex Xobeh.
  6218 | D:5      | Reached * piety under Cheibriados
  6457 | D:6      | Reached skill level 10 in Crossbows
  6641 | D:6      | Reached XP level 9. HP: 75/79 MP: 8/8
  6969 | D:6      | Noticed yevrey's ghost (novice DEWz)
  6973 | D:6      | Gained mutation: You expend magic power (3 MP) to strengthen your wands. [potion of mutation]
  6973 | D:6      | Gained mutation: You are somewhat resistant to further mutation. [potion of mutation]
  6981 | D:6      | Killed yevrey's ghost
  6993 | D:6      | Reached ** piety under Cheibriados
  7277 | D:6      | Reached skill level 11 in Crossbows
  7720 | D:7      | Found the +10 zealot's sword {holy, *Rage rN+ EV+3}
  7751 | D:7      | Reached *** piety under Cheibriados
  7816 | D:7      | Reached XP level 10. HP: 51/90 MP: 9/9
  8032 | D:7      | Found a hide-covered altar of Uskayaw.
  8460 | D:7      | Reached skill level 12 in Crossbows
  8813 | D:8      | Reached **** piety under Cheibriados
  8854 | D:8      | Identified the Reference Book on Toxic Transformation
  9561 | D:9      | Reached skill level 10 in Fighting
  9561 | D:9      | Reached skill level 13 in Crossbows
  9644 | D:9      | Noticed Erolcha
  9650 | D:9      | Killed Erolcha
  9724 | D:9      | Reached ***** piety under Cheibriados
 10086 | D:9      | Found a staircase to the Orcish Mines.
 10090 | D:9      | Reached XP level 11. HP: 101/101 MP: 10/10
 10092 | D:9      | Reached skill level 1 in Invocations
 10230 | D:9      | Got a faintly glowing golden ring
 10366 | D:9      | Found a shadowy altar of Dithmenos.
 10510 | D:10     | Entered Level 10 of the Dungeon
 10562 | D:10     | Noticed Snorg
 10581 | D:10     | HP: 7/151 [Snorg (2)]
 10582 | D:10     | Slain by Snorg

Skill      XL: |  1  2  3  4  5  6  7  8  9 10 11 |
---------------+----------------------------------+-----
Crossbows      | 5 6 7 8 10 11 13 | 13.6
Fighting       | 3 4 5 6 7 8 10 | 10.6
Dodging        | 3 4 5 6 8 9 |  9.8
Invocations    | 2 |  2.4
Stealth        | |  0.7

Action                   |  1- 3 |  4- 6 |  7- 9 | 10-12 || total
-------------------------+-------+-------+-------+-------++-------
Melee: Dagger            |     6 |   146 |   186 |    24 ||   362
       Headbutt          |     1 |    35 |    33 |    10 ||    79
       Unarmed           |       |    18 |    32 |       ||    50
 Fire: Hand crossbow     |    64 |    71 |   286 |   248 ||   669
Throw: Javelin           |       |     2 |     4 |     2 ||     8
       Throwing net      |       |       |     1 |       ||     1
       Tomahawk          |       |       |       |    20 ||    20
Invok: Slouch            |       |       |       |     2 ||     2
Evoke: Wand              |       |     1 |     7 |     3 ||    11
  Use: Potion            |       |     8 |     6 |     5 ||    19
       Scroll            |       |     1 |    11 |     1 ||    13
  Eat: Chunk             |       |     6 |     7 |     4 ||    17
       Ration            |       |       |     2 |       ||     2
Armor: Leather armour    |    10 |    24 |    42 |       ||    76
       Skin              |       |    11 |    39 |     3 ||    53
       Scale mail        |       |       |    30 |       ||    30
       Plate armour      |       |       |       |    53 ||    53
Dodge: Dodged            |    26 |    76 |   111 |    53 ||   266
Block: Large shield      |       |    24 |   233 |   174 ||   431
